AoeStats
← CNZS_98T

Arabia

510345421Analyzed
1v1 RM · 9h ago on Sep 30, 2026· 49m 22s· 2 players
Game mode
Random Map
Map size
Tiny (2 player)
Population
200
Speed
Normal
Resources
Standard
Victory
Conquest
Starting age
Dark Age
Ending age
Imperial Age
RankedLock teamsTeams togetherTeam positionsShared explorationLock speedFull tech treeHidden civsTurbo modeCheats
Victory
Defeat
🇳🇱 Malay · Netherlands
2565
+7
🇵🇪 Koreans · Peru
2328
-7
LE | WilliamS
6:31 Loom
9:07 Feudal Age
9:48 Double-Bit Axe
10:37 Horse Collar
15:22 Fletching
18:06 Wheelbarrow
21:09 Castle Age
19:44 Gold Mining
21:51 Bodkin Arrow
21:16 Elite Skirmisher
24:04 Bow Saw
25:58 Heavy Plow
28:30 Hand Cart
30:35 Town Watch
34:37 Ballistics
38:55 Imperial Age
37:23 Scale Mail Armor
37:51 Squires
39:25 Chain Mail Armor
39:36 Elite Fire Lancer
41:42 Chemistry
41:32 Forging
43:29 Plate Mail Armor
CNZS_98T
7:42 Loom
9:57 Feudal Age
9:26 Man-at-Arms
12:25 Double-Bit Axe
13:10 Fletching
19:03 Wheelbarrow
18:10 Horse Collar
22:52 Castle Age
21:20 Padded Archer Armor
22:26 Scale Barding Armor
22:35 Bodkin Arrow
22:55 Crossbowman
23:58 Husbandry
26:44 Town Watch
28:15 Forging
31:38 Bow Saw
36:20 Imperial Age
34:13 Stone Mining
34:14 Gold Mining
38:36 Bracer
39:01 Conscription
40:25 Heavy Plow
40:47 Hand Cart
41:42 Elite Karambit Warrior
43:14 Ballistics
43:30 Iron Casting
43:56 Squires
43:42 Arson
44:11 Elite Skirmisher
44:12 Arbalester
45:53 Thumb Ring
47:30 Chemistry
46:47 Leather Archer Armor
48:45 Siege Engineers
49:56 Crop Rotation
49:40 Town Patrol
Connection lost

Rejoining the realm…

Still unreachable

The connection could not be restored.

Session expired

The server has moved on; the page needs a fresh start.